SA
SYRACUSE STORM @ LOUISIANA DRAGOONS
08/12/2037
 
TOP OF THE 1ST
Syracuse Storm batting - Pitching for Louisiana Dragoons : LHP Mark Smith
Pitching: LHP Mark Smith
Batting: RHB Pat Kramer 0-0: Called Strike
0-1: Swinging Strike
0-2: Foul Ball, location: 2F
0-2: Ball
1-2: Strikes out swinging, 2-3 out at first.
Batting: RHB John Billings 0-0: Ball
1-0: Ground out 6-3 (Groundball, 56, EV 91.2 MPH)
Batting: RHB Broderick Sarcoma 0-0: Foul Ball, location: 2F
0-1: Called Strike
0-2: Ball
1-2: Foul Ball, location: 2F
1-2: Foul Ball, location: 2F
1-2: Foul Ball, location: 2F
1-2: Foul Ball, location: 2F
1-2: Ball
2-2: Ball
3-2: Foul Ball, location: 2F
3-2: DOUBLE (Line Drive, 89XD, EV 111.9 MPH)
Batting: LHB Nikolai Volkoff 0-0: Ball
1-0: Ball
2-0: Foul Ball, location: 2F
2-1: Ball
3-1: Called Strike
3-2: Foul Ball, location: 2F
3-2: Base on Balls
Batting: RHB Rubén Plumey 0-0: Ball
1-0: Swinging Strike
1-1: Called Strike
1-2: Strikes out swinging
Top of the 1st over - 0 runs, 1 hit, 0 errors, 2 left on base; Syracuse 0 - Louisiana 0
BOTTOM OF THE 1ST
Louisiana Dragoons batting - Pitching for Syracuse Storm : RHP Ramón Flores
Pitching: RHP Ramón Flores
Batting: LHB António Muńóz 0-0: Ball
1-0: Called Strike
1-1: Swinging Strike
1-2: Foul Ball, location: 2F
1-2: Foul Ball, location: 2F
1-2: Fly out, F7 (Flyball, 7LMF, EV 76.9 MPH)
Batting: RHB Tony Randolph 0-0: Ball
1-0: Foul Ball, location: 2F
1-1: Ball
2-1: Ball
3-1: Called Strike
3-2: Base on Balls
Batting: RHB Adam Smith 0-0: Ball
1-0: Foul Ball, location: 2F
1-1: Ball
2-1: Fly out, F8 (Flyball, 8LD, EV 81.9 MPH)
Batting: LHB Henry Buckley 0-0: Called Strike
0-1: Fly out, F6 (Popup, 6M, EV 45.6 MPH)
Bottom of the 1st over - 0 runs, 0 hits, 0 errors, 1 left on base; Syracuse 0 - Louisiana 0
TOP OF THE 2ND
Syracuse Storm batting - Pitching for Louisiana Dragoons : LHP Mark Smith
Batting: RHB Ace Felder 0-0: Ball
1-0: Swinging Strike
1-1: Called Strike
1-2: Ball
2-2: Foul Ball, location: 2F
2-2: Foul Ball, location: 2F
2-2: Strikes out swinging
Batting: RHB Bob Hill 0-0: Swinging Strike
0-1: Ball
1-1: Swinging Strike
1-2: Ball
2-2: Strikes out swinging
Batting: RHB Martín Muńóz 0-0: Ball
1-0: SOLO HOME RUN (Flyball, 8LXD, EV 98.8 MPH), Distance : 458 ft
Batting: LHB Brian Harmon 0-0: Ball
1-0: Foul Ball, location: 2F
1-1: Ball
2-1: Swinging Strike
2-2: Strikes out swinging
Top of the 2nd over - 1 run, 1 hit, 0 errors, 0 left on base; Syracuse 1 - Louisiana 0
BOTTOM OF THE 2ND
Louisiana Dragoons batting - Pitching for Syracuse Storm : RHP Ramón Flores
Batting: RHB Edgar Wright 0-0: Ball
1-0: Foul Ball, location: 2F
1-1: Ball
2-1: Ball
3-1: Called Strike
3-2: SINGLE (Groundball, 6, EV 101.2 MPH) (infield hit)
Batting: LHB Abraham Ruenuitz 0-0: Ball
1-0: Called Strike
1-1: Ball
2-1: Called Strike
2-2: Ball
3-2: Strikes out swinging
Batting: RHB Roger Snodgrass 0-0: Foul Ball, location: 2F
0-1: Ball
1-1: Fly out, F6 (Popup, 6M, EV 51.2 MPH)
Batting: RHB Mauro Jasso 0-0: Called Strike
0-1: Ball
1-1: Ball
2-1: Swinging Strike
2-2: Foul Ball, location: 2F
2-2: Strikes out swinging
Bottom of the 2nd over - 0 runs, 1 hit, 0 errors, 1 left on base; Syracuse 1 - Louisiana 0
TOP OF THE 3RD
Syracuse Storm batting - Pitching for Louisiana Dragoons : LHP Mark Smith
Batting: RHB Pat Kramer 0-0: Called Strike
0-1: Foul Ball, location: 2F
0-2: Ball
1-2: Foul Ball, location: 2F
1-2: Ball
2-2: Strikes out swinging
Batting: RHB John Billings 0-0: Called Strike
0-1: Ball
1-1: Called Strike
1-2: Foul Ball, location: 2F
1-2: Ball
2-2: Strikes out swinging
Batting: RHB Broderick Sarcoma 0-0: Called Strike
0-1: Ball
1-1: Foul Ball, location: 2F
1-2: Foul Ball, location: 2F
1-2: Ball
2-2: Ground out 4-3 (Groundball, 4M, EV 84.4 MPH)
Top of the 3rd over - 0 runs, 0 hits, 0 errors, 0 left on base; Syracuse 1 - Louisiana 0
BOTTOM OF THE 3RD
Louisiana Dragoons batting - Pitching for Syracuse Storm : RHP Ramón Flores
Batting: RHB Si-xun Jin 0-0: Fly out, F7 (Flyball, 7S, EV 79.4 MPH)
Batting: LHB António Muńóz 0-0: Called Strike
0-1: Called Strike
0-2: Strikes out swinging
Batting: RHB Tony Randolph 0-0: Ball
1-0: Swinging Strike
1-1: Ball
2-1: Foul Ball, location: 2F
2-2: Ball
3-2: Strikes out swinging
Bottom of the 3rd over - 0 runs, 0 hits, 0 errors, 0 left on base; Syracuse 1 - Louisiana 0
TOP OF THE 4TH
Syracuse Storm batting - Pitching for Louisiana Dragoons : LHP Mark Smith
Pitching: RHP Harry Golden
Batting: LHB Nikolai Volkoff 0-0: Ball
1-0: Called Strike
1-1: DOUBLE (Flyball, 8LXD, EV 101.2 MPH)
Batting: RHB Rubén Plumey 0-0: Called Strike
0-1: Foul Ball, location: 2F
0-2: Ball
1-2: Strikes out looking
Batting: RHB Ace Felder 0-0: Ball
1-0: Called Strike
1-1: Ball
2-1: Ball
3-1: Called Strike
3-2: DOUBLE (Line Drive, 89D, EV 100.6 MPH)
Nikolai Volkoff scores
Batting: RHB Bob Hill 0-0: Fly out, F7 (Flyball, 7LM, EV 75.6 MPH)
Batting: RHB Martín Muńóz 0-0: SINGLE (Line Drive, 6D, EV 107.5 MPH)
Ace Felder to third
Runner from 3rd tries for Home, SAFE, throw by CF to home
Batting: LHB Brian Harmon 0-0: Foul Ball, location: 2F
0-1: Ball
1-1: Swinging Strike
1-2: Ball
2-2: Ball
3-2: Strikes out swinging
Top of the 4th over - 2 runs, 3 hits, 0 errors, 1 left on base; Syracuse 3 - Louisiana 0
BOTTOM OF THE 4TH
Louisiana Dragoons batting - Pitching for Syracuse Storm : RHP Ramón Flores
Batting: RHB Adam Smith 0-0: Ball
1-0: Ground out 5-3 (Groundball, 56, EV 85.0 MPH)
Batting: LHB Henry Buckley 0-0: Ball
1-0: Foul Ball, location: 2F
1-1: Ball
2-1: Ball
3-1: DOUBLE (Line Drive, 78D, EV 98.1 MPH)
Batting: RHB Edgar Wright 0-0: Ball
1-0: Called Strike
1-1: SINGLE (Groundball, 6MD, EV 100.6 MPH)
Henry Buckley to third
Runner from 3rd tries for Home, SAFE, throw by CF to home
Batting: LHB Abraham Ruenuitz 0-0: Called Strike
0-1: Ball
1-1: Fly out, F8 (Line Drive, 8RM, EV 101.2 MPH)
Batting: RHB Roger Snodgrass 0-0: Swinging Strike
0-1: Foul Ball, location: 2F
0-2: Ball
1-2: Strikes out swinging
Bottom of the 4th over - 1 run, 2 hits, 0 errors, 1 left on base; Syracuse 3 - Louisiana 1
TOP OF THE 5TH
Syracuse Storm batting - Pitching for Louisiana Dragoons : RHP Harry Golden
Batting: RHB Pat Kramer 0-0: Bunt for hit to 3S - play at first, batter OUT! 3-4
Batting: RHB John Billings 0-0: Swinging Strike
0-1: Swinging Strike
0-2: Ball
1-2: Ball
2-2: Strikes out swinging
Batting: RHB Broderick Sarcoma 0-0: Ball
1-0: Swinging Strike
1-1: Foul Ball, location: 2F
1-2: Foul Ball, location: 2F
1-2: Strikes out looking
Top of the 5th over - 0 runs, 0 hits, 0 errors, 0 left on base; Syracuse 3 - Louisiana 1
BOTTOM OF THE 5TH
Louisiana Dragoons batting - Pitching for Syracuse Storm : RHP Ramón Flores
Batting: RHB Mauro Jasso 0-0: Swinging Strike
0-1: Called Strike
0-2: Ball
1-2: Ball
2-2: Strikes out swinging
Batting: RHB Si-xun Jin 0-0: Foul Ball, location: 2F
0-1: SINGLE (Flyball, 8RM, EV 99.4 MPH)
Batting: LHB António Muńóz 0-0: Called Strike
0-1: Called Strike
0-2: Foul Ball, location: 2F
0-2: Ball
1-2: Grounds into double play, 4-6-3 (Groundball, 4, EV 88.8 MPH)
Bottom of the 5th over - 0 runs, 1 hit, 0 errors, 0 left on base; Syracuse 3 - Louisiana 1
TOP OF THE 6TH
Syracuse Storm batting - Pitching for Louisiana Dragoons : RHP Harry Golden
Batting: LHB Nikolai Volkoff 0-0: DOUBLE (Line Drive, 9LM, EV 111.9 MPH)
Pitching: RHP John Thomas
Batting: RHB Rubén Plumey 0-0: Called Strike
0-1: Ball
1-1: Called Strike
1-2: Strikes out swinging
Batting: RHB Ace Felder 0-0: Ball
1-0: Called Strike
1-1: Ground out 6-3 (Groundball, 56, EV 103.8 MPH)
Batting: RHB Bob Hill 0-0: Foul Ball, location: 2F
0-1: DOUBLE (Line Drive, 7LS, EV 93.8 MPH)
Nikolai Volkoff scores
Batting: RHB Martín Muńóz 0-0: Ball
1-0: Ball
2-0: Ball
3-0: Called Strike
3-1: Base on Balls
Batting: LHB Brian Harmon 0-0: Foul Ball, location: 2F
0-1: Ball
1-1: Ball
2-1: Ball
3-1: Fly out, F7 (Flyball, 78M, EV 88.8 MPH)
Top of the 6th over - 1 run, 2 hits, 0 errors, 2 left on base; Syracuse 4 - Louisiana 1
BOTTOM OF THE 6TH
Louisiana Dragoons batting - Pitching for Syracuse Storm : RHP Ramón Flores
Batting: RHB Tony Randolph 0-0: Fly out, F7 (Flyball, 78D, EV 87.5 MPH)
Batting: RHB Adam Smith 0-0: Called Strike
0-1: Ball
1-1: Ball
2-1: Foul Ball, location: 2F
2-2: Foul Ball, location: 2F
2-2: Foul Ball, location: 2F
2-2: Fly out, F8 (Line Drive, 8LM, EV 86.2 MPH)
Batting: LHB Henry Buckley 0-0: Ball
1-0: Called Strike
1-1: Foul Ball, location: 2F
1-2: Fly out, F7 (Flyball, 78M, EV 87.5 MPH)
Bottom of the 6th over - 0 runs, 0 hits, 0 errors, 0 left on base; Syracuse 4 - Louisiana 1
TOP OF THE 7TH
Syracuse Storm batting - Pitching for Louisiana Dragoons : RHP John Thomas
Batting: RHB Pat Kramer 0-0: Fly out, F8 (Flyball, 8RS, EV 83.1 MPH)
Batting: RHB John Billings 0-0: Called Strike
0-1: Ball
1-1: Foul Ball, location: 2F
1-2: Strikes out swinging
Batting: RHB Broderick Sarcoma 0-0: Foul Ball, location: 2F
0-1: Ball
1-1: Swinging Strike
1-2: Strikes out swinging
Top of the 7th over - 0 runs, 0 hits, 0 errors, 0 left on base; Syracuse 4 - Louisiana 1
BOTTOM OF THE 7TH
Louisiana Dragoons batting - Pitching for Syracuse Storm : RHP Ramón Flores
Batting: RHB Edgar Wright 0-0: Ball
1-0: Ground out 6-3 (Groundball, 6, EV 91.2 MPH)
Batting: LHB Abraham Ruenuitz 0-0: Ball
1-0: Called Strike
1-1: Swinging Strike
1-2: Strikes out swinging
Batting: RHB Roger Snodgrass 0-0: Foul Ball, location: 2F
0-1: Fly out, F5 (Line Drive, 5, EV 70.0 MPH)
Bottom of the 7th over - 0 runs, 0 hits, 0 errors, 0 left on base; Syracuse 4 - Louisiana 1
TOP OF THE 8TH
Syracuse Storm batting - Pitching for Louisiana Dragoons : RHP John Thomas
Batting: LHB Nikolai Volkoff 0-0: Called Strike
0-1: Ball
1-1: Swinging Strike
1-2: Foul Ball, location: 2F
1-2: Strikes out swinging
Batting: RHB Rubén Plumey 0-0: Called Strike
0-1: Ball
1-1: Foul Ball, location: 2F
1-2: Foul Ball, location: 2F
1-2: Ball
2-2: Ball
3-2: Base on Balls
Batting: RHB Ace Felder 0-0: Called Strike
0-1: Foul Ball, location: 2F
0-2: Ball
1-2: Strikes out swinging
Batting: RHB Bob Hill 0-0: Called Strike
Rubén Plumey steals 2nd base
0-1: Ball
1-1: Swinging Strike
1-2: Ball
2-2: DOUBLE (Line Drive, 5D, EV 96.9 MPH)
Rubén Plumey scores
Batting: RHB Martín Muńóz 0-0: Fly out, F8 (Flyball, 89M, EV 88.1 MPH)
Top of the 8th over - 1 run, 1 hit, 0 errors, 1 left on base; Syracuse 5 - Louisiana 1
BOTTOM OF THE 8TH
Louisiana Dragoons batting - Pitching for Syracuse Storm : RHP Ramón Flores
Batting: RHB Mauro Jasso 0-0: Called Strike
0-1: Ball
1-1: Fly out, F3 (Popup, 3, EV 60.0 MPH)
Batting: RHB Si-xun Jin 0-0: Fly out, F7 (Flyball, 78D, EV 101.2 MPH)
Batting: LHB António Muńóz 0-0: Called Strike
0-1: Called Strike
0-2: Ball
1-2: Strikes out swinging
Bottom of the 8th over - 0 runs, 0 hits, 0 errors, 0 left on base; Syracuse 5 - Louisiana 1
TOP OF THE 9TH
Syracuse Storm batting - Pitching for Louisiana Dragoons : RHP John Thomas
Batting: LHB Brian Harmon 0-0: Ball
1-0: Ball
2-0: Called Strike
2-1: Called Strike
2-2: Strikes out swinging
Batting: RHB Pat Kramer 0-0: Ball
1-0: Ground out 5-3 (Groundball, 56, EV 102.5 MPH)
Batting: RHB John Billings 0-0: Called Strike
0-1: DOUBLE (Line Drive, 89M, EV 96.9 MPH)
Pitching: RHP Samuel Sellier
Batting: RHB Broderick Sarcoma 0-0: Called Strike
0-1: Ball
1-1: Foul Ball, location: 2F
1-2: Foul Ball, location: 2F
1-2: SINGLE (Line Drive, 8LS, EV 98.1 MPH)
John Billings to third
Runner from 3rd tries for Home, SAFE, throw by CF to home
Broderick Sarcoma to second
Batting: LHB Nikolai Volkoff 0-0: Called Strike
0-1: Called Strike
0-2: Ball
1-2: Strikes out swinging
Top of the 9th over - 1 run, 2 hits, 0 errors, 1 left on base; Syracuse 6 - Louisiana 1
BOTTOM OF THE 9TH
Louisiana Dragoons batting - Pitching for Syracuse Storm : RHP Ramón Flores
Batting: RHB Tony Randolph 0-0: Called Strike
0-1: Ball
1-1: Ball
2-1: Ground out 4-3 (Groundball, 34, EV 85.6 MPH)
Batting: RHB Adam Smith 0-0: Ball
1-0: Ball
2-0: Called Strike
2-1: Ground out 4-3 (Groundball, 4, EV 81.2 MPH)
Batting: LHB Henry Buckley 0-0: Called Strike
0-1: Ball
1-1: Foul Ball, location: 2F
1-2: SINGLE (Groundball, 34D, EV 106.2 MPH)
Pitching: RHP Marvin Wilson
Batting: RHB Edgar Wright 0-0: Ball
1-0: Ball
2-0: Called Strike
2-1: Ball
3-1: DOUBLE (Line Drive, 7LD, EV 100.0 MPH)
Henry Buckley to third
Batting: LHB Abraham Ruenuitz 0-0: Called Strike
0-1: Foul Ball, location: 2F
0-2: Ball
1-2: Strikes out looking
Bottom of the 9th over - 0 runs, 2 hits, 0 errors, 2 left on base; Syracuse 6 - Louisiana 1
Thursday, January 23rd, 2020 - OOTP Baseball 20.8 Build 74